Map: Coda EC

Players

BradyHero - Winner!

  • Race: Protoss Protoss
  • League: Grandmaster

AgCl

  • Race: Protoss Protoss
  • League: Grandmaster

VOD

Have the link to the VOD?

Description

Time

  • Played on: June 5, 2015, 11:42 p.m.
  • Length: 6:24
Show
View Real Time Build Order
Export as new Build Order

BradyHero Protoss - Winner!

Build Orders:  

Get SALT Encoding   

  12  0:01  Probe  
  13  0:13  Probe  
  14  0:18  Pylon  
  14  0:40  Probe (Chrono Boost), Gateway  
  15  0:49  Probe (Chrono Boost)  
  16  0:54  Assimilator  
  16  0:57  Probe  
  16  1:00  Assimilator  
  17  1:04  Pylon  
  17  1:09  Probe (Chrono Boost)  
  18  1:21  Probe (Chrono Boost)  
  19  1:29  Cybernetics Core  
  19  1:30  Probe (Chrono Boost)  
  20  1:37  Zealot  
  22  1:41  Probe (Chrono Boost)  
  23  1:51  Probe (Chrono Boost)  
  24  1:58  Probe  
  25  2:01  Pylon  
  25  2:12  Warp Gate (Chrono Boost)  
  25  2:14  Adept  
  27  2:20  Mothership Core  
  29  2:41  Probe (Chrono Boost), Robotics Facility  
  30  2:45  Adept  
  33  2:51  Probe (Chrono Boost)  
  33  2:59  Gateway  
  33  3:04  Gateway  
  33  3:22  Pylon  
  33  3:28  Immortal (Chrono Boost)  
  39  3:50  Pylon  
  39  3:59  Observer (Chrono Boost)  
  38  4:14  Immortal  
  38  4:15  Adept  
  38  4:16  Adept x2  
  48  4:35  Stalker  
  48  4:36  Stalker x2  
  53  4:42  Probe  
  51  4:55  Probe  
  50  5:05  Stalker x2  
  54  5:08  Probe  
  53  5:27  Pylon  
  53  5:35  Pylon  
  53  5:37  Pylon  
  53  5:48  Stalker x3  
  52  6:18  Stalker x3  
Show
View Real Time Build Order
Export as new Build Order

AgCl Protoss 

Build Orders: Oracle Opening, Oracle Opening 

Get SALT Encoding   

  12  0:02  Probe  
  13  0:14  Probe  
  14  0:33  Pylon  
  14  0:40  Assimilator  
  14  0:51  Probe (Chrono Boost)  
  15  0:59  Gateway  
  15  1:03  Probe (Chrono Boost)  
  16  1:13  Probe (Chrono Boost)  
  17  1:21  Probe (Chrono Boost)  
  17  1:25  Assimilator  
  18  1:28  Probe (Chrono Boost)  
  19  1:39  Probe  
  20  1:47  Cybernetics Core, Zealot (Chrono Boost)  
  22  2:11  Probe (Chrono Boost)  
  22  2:12  Nexus  
  22  2:27  Probe (Chrono Boost), Pylon  
  22  2:40  Warp Gate  
  22  2:44  Pylon  
  22  2:50  Stargate  
  22  2:55  Mothership Core (Chrono Boost)  
  24  3:09  Probe  
  25  3:22  Probe (Chrono Boost)  
  27  3:30  Probe (Chrono Boost)  
  27  3:33  Probe (Chrono Boost), Oracle  
  31  3:37  Probe  
  31  3:41  Probe  
  33  3:49  Probe (Chrono Boost)  
  33  3:51  Gateway  
  34  3:56  Pylon  
  34  3:57  Probe (Chrono Boost)  
  34  4:01  Probe (Chrono Boost)  
  36  4:08  Probe (Chrono Boost)  
  37  4:10  Robotics Facility  
  37  4:12  Probe (Chrono Boost)  
  39  4:18  Probe (Chrono Boost)  
  39  4:23  Probe (Chrono Boost)  
  41  4:32  Probe (Chrono Boost)  
  41  4:34  Probe (Chrono Boost)  
  42  4:40  Probe (Chrono Boost)  
  42  4:44  Probe (Chrono Boost)  
  44  4:47  Probe (Chrono Boost)  
  45  4:52  Probe  
  45  4:54  Pylon  
  45  4:56  Immortal  
  45  4:58  Probe  
  47  5:03  Void Ray (Chrono Boost)  
  47  5:05  Probe  
  54  5:10  Probe  
  54  5:13  Zealot x2  
  59  5:17  Probe  
  60  5:22  Probe  
  60  5:27  Cybernetics Core  
  61  5:30  Pylon  
  61  5:31  Probe (Chrono Boost)  
  61  5:32  Gateway  
  63  5:35  Probe (Chrono Boost)  
  63  5:37  Observer (Chrono Boost)  
  65  5:45  Probe x2 (Chrono Boost)  
  70  5:52  Probe  
  70  5:53  Probe  
  72  5:57  Assimilator  
  72  6:03  Zealot x2, Assimilator  
  69  6:04  Probe  
Tags
 
Add a new tag
Caveats
  • Supply blocks, unpowered buildings, or Contaminate may cause inaccurate times.
  • Supply counts are checked every 10 seconds.